 Dungeon Crawl Stone Soup version 0.30-a0-711-gf4ac18a38d (webtiles) character file.

Game seed: 10439040350759326688

18 quinnr the Gusty (level 2, -1/22 HPs)
             Began as a Naga Air Elementalist on Jan 22, 2023.
             Slain by a quokka (4 damage)
             ... on level 1 of the Dungeon.
             The game lasted 00:02:11 (919 turns).

quinnr the Gusty (Naga Air Elementalist)             Turns: 919, Time: 00:02:12

Health: -1/22      AC:  1    Str:  7 (8)  XL:     2   Next: 66%
Magic:  1/5        EV:  9    Int: 14 (15) God:
Gold:   43         SH:  0    Dex:  8 (11) Spells: 4/5 levels left

rFire   + . .      SeeInvis +    (no weapon)
rCold   + . .      Faith    .    (no shield)
rNeg    . . .      Spirit   .    a - +0 robe
rPois   +          Reflect  .    (no helmet)
rElec   +          Harm     .    (no cloak)
rCorr   +          Rampage  .    (no gloves)
Will    .....                    (no barding)
Stlth   ++                       (no amulet)
HPRegen 0.23/turn                (no ring)
MPRegen 0.09/turn                (no ring)

@: resistant, attractive, very slow
A: AC +0, large, see invisible, deformed body, poison resistance, slowness 2,
spit poison 1, naga tail 1, stinger 1, weak 1
a: Spit Poison


You were on level 1 of the Dungeon.
You visited 1 branch of the dungeon, and saw 1 of its levels.

You collected 43 gold pieces.


Innate Abilities, Weirdness & Mutations

Your serpentine skin is tough. (AC +0)
You have supernaturally acute eyesight. (SInv)
Armour fits poorly on your strangely shaped body.
Your system is resistant to poisons. (rPois)
You cover ground very slowly.
You can spit poison.
You have a snake-like lower body.
Your tail ends in a venomous barb.
You are weak. (Str -2)


   Skills:
 - Level 1.5 Dodging
 - Level 3.0 Stealth
 - Level 2.0 Spellcasting
 - Level 1.0 Conjurations
 + Level 3.9 Air Magic


You had 4 spell levels left.
You knew the following spells:

 Your Spells              Type           Power      Damage    Failure   Level
z - Shock                 Conj/Air       32%        1d5       9%          1

Your spell library contained the following spells:

 Spells                   Type           Power      Damage    Failure   Level
 Static Discharge         Conj/Air       16%        2-3/arc   13%         2
 Swiftness                Air            12%        N/A       14%         3
 Airstrike                Air            6%         2d(1-17)  43%         4

Inventory:

Armour
 a - a +0 robe (worn)
Scrolls
 d - 2 scrolls of enchant armour {unknown}
 e - 4 scrolls of fear {unknown}
 i - a scroll of brand weapon {unknown}
 j - a scroll of blinking {unknown}
Potions
 b - a potion of magic
 f - a potion of degeneration
 g - a potion of invisibility {unknown}

Dungeon Overview and Level Annotations

Branches:
Dungeon (1/15)

Altars:

'..#.#
#.#....#.#.#
####.#
#.#....#.#.# #
#.# #.#....#.#.#
#.# #.#..###.#
#.# #.#......#
####.#
#.##.#####
...#.# #.##.# #
. .....#
#.##.#####.#.).#
#....#
#.##....@rb..#
####[#
#)#...####.#.# #
#.####.#..## # #
#...⚑.....#
####..###.##.#
##...## #.##.#
##.#.# #.##.#
#..#.####.##..
#.##...##.####


You could see a quokka and a bat.


Message History

You barely miss the quokka.
The quokka is severely wounded.
The quokka bites you.
* * * LOW HITPOINT WARNING * * *
You hit the quokka but do no damage.
The quokka is severely wounded.
The quokka bites you.
* * * LOW HITPOINT WARNING * * *
You barely miss the quokka.
The quokka is severely wounded.
The quokka barely misses you. The quokka bites you.
* * * LOW HITPOINT WARNING * * *
You aren't carrying any items that you can evoke.
Okay, then.
It was a potion of degeneration.
There was something very wrong with that liquid.
You feel weakened.
You feel dopey.
You feel clumsy. The quokka closely misses you.
It was a potion of mutation.
You feel extremely strange.
You feel weaker.
A venomous barb forms on the end of your tail.
The quokka barely misses you.
It was a potion of resistance.
You feel protected. The quokka bites you.
* * * LOW HITPOINT WARNING * * *
It was a potion of attraction.
You feel attractive to monsters. The quokka bites you.
You die...

Action                     || total
---------------------------++-------
  Melee: Unarmed           ||    23
   Cast: Shock             ||    34
    Use: Potion            ||     4
 Armour: Robe              ||     2
  Dodge: Dodged            ||    20

Levels and vault maps discovered:
D:1:      lightli_arrival_maybe_door_vault, layout_basic, basic_ecumenical_altar

Notes
Turn   | Place    | Note
-------+----------+-------------------------------------------
     0 | D:1      | quinnr the Naga Air Elementalist began the quest for the
                  | Orb.
     0 | D:1      | Reached XP level 1. HP: 15/15 MP: 3/3
   288 | D:1      | Reached XP level 2. HP: 22/22 MP: 3/5
   440 | D:1      | Found a faded altar of an unknown god.
   917 | D:1      | Gained mutation: You are weak. (Str -2) [potion of
                  | mutation]
   917 | D:1      | Gained mutation: Your tail ends in a venomous barb. [potion
                  | of mutation]
   918 | D:1      | Identified a potion of resistance
   919 | D:1      | Slain by a quokka

Vanquished Creatures
  A ball python (D:1)
  4 bats (D:1)
  An endoplasm (D:1)
  2 giant cockroaches (D:1)
  2 goblins (D:1)
  2 hobgoblins (D:1)
  A quokka (D:1)
  2 frilled lizards (D:1)
  A rat (D:1)
16 creatures vanquished.

Table legend: (Time is in decaauts)
 A = Elapsed time spent in this place.
 B = Non-inter-level travel time spent in this place.
 C = Inter-level travel time spent in this place.
 D = Time resting spent in this place.
 E = Time spent auto-exploring this place.
 F = Levels seen in this place.
 G = Mean time per level.
                   A        B        C        D        E       F      G
               +--------+--------+--------+--------+--------+-----+--------+
         Total |   1133 |   1133 |      0 |      8 |    886 |   1 | 1133.0 |
       Dungeon |   1133 |   1133 |      0 |      8 |    886 |   1 | 1133.0 |
               +--------+--------+--------+--------+--------+-----+--------+

Top non-repeatable levels by time:
     D:1: 1133 daAuts

Table legend:
 A = Non-vault XP
 B = Vault XP
 C = Vault XP percentage of total XP
 D = Non-vault monster count
 E = Vault monster count
 F = Vault count percentage of total count
                 A         B        C        D         E       F
            +---------+---------+-------+---------+---------+-------
      Total |      26 |       0 |   0.0 |      16 |       0 |   0.0
            +---------+---------+-------+---------+---------+-------
        D:1 |      26 |       0 |   0.0 |      16 |       0 |   0.0
            +---------+---------+-------+---------+---------+-------
